 Dungeon Crawl Stone Soup version 0.30.1-11-g7821555f0a (webtiles) character file.

Game seed: 15059963064116181882

46 Ijustatesigmund the Conjurer (level 3, 0/23 HPs)
             Began as an Octopode Conjurer on Jan 15, 2024.
             Slain by a jackal (2 damage)
             ... on level 1 of the Dungeon.
             The game lasted 00:01:44 (2033 turns).

Ijustatesigmund the Conjurer (Octopode Conjurer)    Turns: 2033, Time: 00:01:45

Health: 0/23       AC:  1    Str:  6    XL:     3   Next: 68%
Magic:  6/6        EV: 13    Int: 22    God:
Gold:   74         SH:  0    Dex: 10    Spells: 4/7 levels left

rFire   . . .        e - +0 spear
rCold   . . .        (no shield)
rNeg    . . .        (helmet restricted)
rPois   .            (no amulet)
rElec   .            (no ring)
rCorr   .            (no ring)
SInv    .            (no ring)
Will    .....        (no ring)
Stlth   +++          (no ring)
HPRegen 0.23/turn    (no ring)
MPRegen 0.10/turn    (no ring)
                     (no ring)

%: no passive effects
@: no status effects
A: almost no armour, amphibious, 8 rings, camouflage 1, gelatinous body 1,
(nimble swimmer 1), tentacles
a: no special abilities


You were on level 1 of the Dungeon.
You visited 1 branch of the dungeon, and saw 2 of its levels.

You collected 74 gold pieces.

Inventory:

Hand Weapons
 e - a +0 spear (weapon)
Scrolls
 b - a scroll of fear {unknown}
 d - a scroll of identify {unknown}
Potions
 a - 2 potions of magic
 c - a potion of haste {unknown}


   Skills:
 + Level 1.6 Fighting
 - Level 2.0 Dodging
 - Level 2.6 Stealth
 + Level 2.6 Spellcasting
 + Level 4.4 Conjurations


You had 4 spell levels left.
You knew the following spells:

 Your Spells              Type           Power      Damage    Failure   Level
a - Magic Dart            Conj           88%        1d7       1%          1
b - Searing Ray           Conj           44%        2d6       3%          2

Your spell library contained the following spells:

 Spells                   Type           Power      Damage    Failure   Level
 Dazzling Flash           Conj/Hex       24%        N/A       16%         3
 Fulminant Prism          Conj/Hex       6%         3d7       45%         4
 Iskenderun's Mystic Bla  Conj/Tloc      12%        2d5       45%         4


Dungeon Overview and Level Annotations

Branches:
Dungeon (2/15)

Altars:


Innate Abilities, Weirdness & Mutations

You cannot wear most types of armour.
You are amphibious.
You can wear up to eight rings at the same time.
Your skin changes colour to match your surroundings (Stealth+).
Your rubbery body absorbs attacks. (AC +1, EV +1)
((You are camouflaged when in or above water. (Stealth+)))
You have tentacles for arms and can constrict up to eight enemies at once.


Message History

The searing ray hits the adder.
The adder is heavily wounded.
You feel sick. The adder closely misses you.
The searing ray hits the adder.
You kill the adder!
You feel sick.
You feel sick.
You feel sick.
You start resting.
You feel sick.
You are no longer poisoned.
You start resting.
HP restored.
You start resting.
Magic restored.
There is a stone staircase leading down here.
You climb downwards.
The jackal bites you. The jackal closely misses you.
The jackal barely misses you. The endoplasm freezes you.
You are frozen.
The jackal bites you. The jackal barely misses you. The jackal bites you.
The jackal barks!
There is a stone staircase leading up here.
The jackal bites you but does no damage.
The jackal closely misses you. x3
The endoplasm freezes you.
You are frozen.
You climb upwards.
There is a stone staircase leading down here.
You miss the jackal. You grab the jackal. You constrict the jackal.
The jackal closely misses you. The jackal bites you. The endoplasm freezes you.
You are frozen.
The jackal closely misses you. x2
You hit the jackal but do no damage. You squeeze the jackal.
You kill the jackal!
The jackal closely misses you. The endoplasm freezes you.
You are frozen.
* * * LOW HITPOINT WARNING * * *
The jackal bites you.
You die...

......######.##...#..#.#.# #
...##.....##.##...#..#.#.# #
...######.#..........#.#.# #
...# #...#..##...#..#.#.# #
...# #...#..##......#.#.# #
...# #......##)....##.#.# #
#### #.........h...##.#.# #
..#########..###Jhh.##.#.#####
# ##...###
#.....@#..##.#.....# #
#####..##
#(######..##.#####.#### Ť#
###.###....# #..##...........
..#
##.#####.###.........#.####
### #.##...).##.#######.#.# ##
#####.##.....##.# #.#.#
.###...##.#.....##.# #.#.#
..##....#.#...).##.# #.#.#
...#....#.#.....##.# #.#.#


You could see an endoplasm and 3 jackals.

Vanquished Creatures
  An adder (D:1)
  A dart slug (D:1)
  5 endoplasms (D:1)
  A giant cockroach (D:1)
  4 goblins (D:1)
  3 hobgoblins (D:1)
  4 jackals (D:1)
  3 kobolds (D:1)
  A quokka (D:1)
  3 ball pythons (D:1)
  3 bats (D:1)
  2 frilled lizards (D:1)
  A rat (D:1)
32 creatures vanquished.

Notes
Turn   | Place    | Note
-------+----------+-------------------------------------------
     0 | D:1      | Ijustatesigmund the Octopode Conjurer began the quest for
                  | the Orb.
     0 | D:1      | Reached XP level 1. HP: 11/11 MP: 3/3
   106 | D:1      | Reached XP level 2. HP: 18/18 MP: 1/5
   109 | D:1      | Learned a level 2 spell: Searing Ray
   271 | D:1      | Reached skill level 1 in Fighting
   765 | D:1      | Reached XP level 3. HP: 23/23 MP: 0/6
  2033 | D:1      | Slain by a jackal

Illustrated notes

Levels and vault maps discovered:
D:1:      dpeg_arrival_morbid_curiosity, layout_basic, eino_curves_04
D:2:      layout_loops_corners, uniq_natasha

Skill      XL: |  1  2 |
---------------+-------+-----
Fighting       | 1 |  1.6
Dodging        | |  2.0
Stealth        | |  2.6
Spellcasting   | |  2.6
Conjurations   | |  4.4

Action                     || total
---------------------------++-------
  Melee: Unarmed           ||     7
         Constrict         ||     2
         Tentacles         ||     2
         Spear             ||     3
   Cast: Magic Dart        ||    52
         Searing Ray       ||     2
   Stab: Sleeping          ||     1
 Armour: Skin              ||     1
  Dodge: Dodged            ||    26
